 Dungeon Crawl Stone Soup version 0.15-a0-1828-g04ddf54 (webtiles) character file.

633 Crauler the Slasher (level 7, 0/49 HPs)
             Began as a Halfling Fighter on July 2, 2014.
             Was an Initiate of Okawaru.
             Slain by an ice beast (10 damage)
             ... on Level 4 of the Dungeon.
             The game lasted 00:16:27 (5316 turns).

Crauler the Slasher (Halfling Fighter)              Turns: 5316, Time: 00:16:27

HP   0/49        AC  6     Str 16      XL: 7   Next: 78%
MP   7/7         EV 11     Int  7      God: Okawaru [......]
Gold 132         SH  6     Dex 16      Spells:  0 memorised,  6 levels left

rFire  . . .     SeeInvis .     a - +0 long sword
rCold  . . .     Clarity  .     x - +0 ring mail
rNeg   . . .     rCorr    .     c - +0 buckler
rPois  .         rRot     .     (no helmet)
rElec  .         Spirit   .     (no cloak)
SustAb .         Warding  .     (no gloves)
rMut   .         Stasis   .     (no boots)
Gourm  .                        (no amulet)
MR     +....                    n - ring of protection from magic
                                y - +5 ring of slaying

@: somewhat resistant to hostile enchantments, very unstealthy
A: mutation resistance 1
a: Renounce Religion


You were on level 4 of the Dungeon.
You worshipped Okawaru.
Okawaru was noncommittal.
You were hungry.

You visited 1 branch of the dungeon, and saw 4 of its levels.
You also visited: Sewer.

You collected 132 gold pieces.

Inventory:

Hand weapons
 a - a +0 long sword (weapon)
 p - a +2 whip of flaming
 r - a +0 blowgun
 u - a +0 short sword of draining
Missiles
 q - 30 poisoned needles
Armour
 b - a +0 scale mail
 c - a +0 buckler (worn)
 x - a +0 ring mail (worn)
Comestibles
 d - 3 bread rations
 g - 3 meat rations
 m - a slice of pizza
Scrolls
 f - 3 scrolls of immolation {unknown}
 h - a scroll of remove curse {unknown}
 k - a scroll of magic mapping {unknown}
 s - a scroll of recharging {unknown}
 t - a scroll of blinking {unknown}
 v - a scroll of amnesia {unknown}
Jewellery
 j - a +1 ring of intelligence
 n - a ring of protection from magic (right hand)
 y - a +5 ring of slaying (left hand)
Potions
 e - 2 potions of might
 i - 3 potions of degeneration {unknown}
 l - a potion of brilliance {unknown}
 o - 2 potions of heal wounds {unknown}
 w - 2 potions of restore abilities {unknown}


   Skills:
 + Level 4.4 Fighting
 * Level 5.1 Long Blades
 + Level 5.0 Armour
 + Level 4.8 Shields


You had 6 spell levels left.
You didn't know any spells.

Dungeon Overview and Level Annotations

Branches:
Dungeon (4/15)
 Temple: D:4-7

Altars:
Dithmenos
Makhleb
Okawaru
Trog
Vehumet
The Shining One

Shops:
D:4 }


Innate Abilities, Weirdness & Mutations

You are small and have problems with some larger weapons.
You are somewhat resistant to further mutation.


Message History

The ice beast is heavily wounded.
You block the ice beast's attack.
Really walk into a travel-excluded area?
A giant newt comes into view.
You see here a giant spiked club.
You slash the ice beast!
The ice beast is severely wounded.
The ice beast hits you but does no damage.
You hit the ice beast but do no damage.
The ice beast is severely wounded.
The ice beast hits you but does no damage.
You closely miss the ice beast.
The ice beast is severely wounded.
The ice beast barely misses you.
You closely miss the ice beast.
The ice beast is severely wounded.
The ice beast hits you.
* * * LOW HITPOINT WARNING * * *
The ice beast freezes you!
You die...

...####..###.....#
...##............##
..................##
...................###
..................)#.#
....................##
...........§.§...>#.#
...........§.§....###
......<....§_..Y@##
...........§%§..<#
.............§..##
..............##.#
............### .#
......∩...### ..
........#### ..#
.....###...## l..
..#####.....# #...


You could see an ice beast.

Vanquished Creatures
  A phantom (D:4)
  An ogre (D:4)
  A big kobold (Sewer)
  2 orc priests (D:3)
  An orc wizard (D:3)
  2 green rats
  9 adders
  A giant mite (D:3)
  12 worms
  3 oozes
  23 orcs
  7 bats
  8 giant cockroaches
  8 hobgoblins
  3 jackals (D:2)
  15 kobolds
  2 quokkas
  3 ball pythons
  3 giant geckos
  A giant newt (D:1)
  A giant newt skeleton (D:4)
  4 goblins
  19 rats
130 creatures vanquished.

Vanquished Creatures (others)
  A giant cockroach (D:4)
1 creature vanquished.

Grand Total: 131 creatures vanquished

Notes
Turn   | Place    | Note
--------------------------------------------------------------
     0 | D:1      | Crauler, the Halfling Fighter, began the quest for the Orb.
     0 | D:1      | Reached XP level 1. HP: 15/15 MP: 1/1
   171 | D:1      | Reached XP level 2. HP: 20/20 MP: 2/2
   325 | D:1      | Reached XP level 3. HP: 24/26 MP: 3/3
  1104 | D:2      | Reached XP level 4. HP: 25/31 MP: 4/4
  1146 | D:2      | Noticed a moth of wrath
  1150 | D:2      | Found a bloodstained altar of Trog.
  1877 | D:3      | Reached XP level 5. HP: 31/36 MP: 5/5
  1977 | D:3      | Found a glowing drain.
  1989 | Sewer    | Entered a sewer
  2088 | Sewer    | Reached skill level 4 in Armour
  2653 | Sewer    | Reached XP level 6. HP: 15/42 MP: 6/6
  3358 | D:3      | Found a shadowy altar of Dithmenos.
  3612 | D:3      | Reached XP level 7. HP: 48/48 MP: 7/7
  3689 | D:3      | Found a burning altar of Makhleb.
  4269 | D:3      | Found a glowing golden altar of the Shining One.
  4675 | D:4      | Found a radiant altar of Vehumet.
  4727 | D:4      | Found an iron altar of Okawaru.
  4735 | D:4      | Became a worshipper of Warmaster Okawaru
  5092 | D:4      | Reached skill level 5 in Long Blades
  5092 | D:4      | Reached skill level 5 in Armour
  5274 | D:4      | Found Miuril's Gadget Boutique.
  5316 | D:4      | Slain by an ice beast

Action                   |  1- 3 |  4- 6 |  7- 9 || total
-------------------------+-------+-------+-------++-------
Melee: Long sword        |    95 |   297 |   125 ||   517
